[Event "Betsys MČR v online bleskovém šachu 2021"]
[Site "Chess.com"]
[Date "2021.04.17"]
[Round "7"]
[White "youhy"]
[Black "hever99"]
[Result "1/2-1/2"]
[WhiteElo "1782"]
[BlackElo "2044"]
[TimeControl "180+1"]
[EndTime "10:12:07 PDT"]
[Termination "Remíza opakováním pozice"]

1. d4 Nf6 2. Nf3 g6 3. c4 Bg7 4. g3 c6 5. Bg2 d5 6. O-O O-O 7. Nbd2 Qb6 8. b3 Bf5 9. Bb2 Ne4 10. Nxe4 dxe4 11. Ne5 Na6 12. e3 Rfd8 13. Qc2 Nb4 14. Qb1 Bxe5 15. dxe5 Nd3 16. g4 Bxg4 17. Bxe4 Nxb2 18.
Qxb2 Qa5 19. b4 Qc7 20. Bg2 Qd7 21. f3 Bh3 22. Rfd1 Qf5 23. Bxh3 Qxh3 24. Qg2 Qf5 25. Qg3 Qc2 26. Qe1 Qxc4 27. Rxd8+ Rxd8 28. Rd1 Rxd1 29. Qxd1 Qxb4 30. Qd8+ Kg7 31. Kg2 Qb2+ 32. Kg3 Qxa2 33. Qxe7 Qa6 34. Qf6+ Kg8 35. Qd8+ Kg7 36. Qf6+ Kg8 37. Qd8+ Kg7 38. Qf6+ 1/2-1/2

[Event "Betsys MČR v online bleskovém šachu 2021"]
[Site "Chess.com"]
[Date "2021.04.17"]
[Round "7"]
[White "PetrSoucek"]
[Black "FMD-MP"]
[Result "1-0"]
[WhiteElo "2010"]
[BlackElo "1748"]
[TimeControl "180+1"]
[EndTime "10:12:07 PDT"]
[Termination "Uživatel PetrSoucek zvítězil na čas"]

1. e4 c5 2. a3 Nc6 3. b4 cxb4 4. axb4 Nxb4 5. c3 Nc6 6. d4 d5 7. exd5 Qxd5 8. Na3 Qd8 9. Nb5 Bd7 10. d5 Ne5 11. Qe2 Qb6 12. Be3 Bxb5 13. Qxb5+ Qxb5 14. Bxb5+ Kd8 15. Rxa7 Rxa7 16. Bxa7 Nf6 17. c4 Kc7 18. Bd4 Ned7 19. Nf3 e6 20. dxe6 fxe6 21. O-O Bc5 22. Re1 Bxd4 23. Nxd4 Re8 24. Rxe6 Rxe6 25. Nxe6+ Kd6 26.
Nxg7 Kc5 27. Ne6+ Kb6 28. f4 Nc5 29. Kf2 Nxe6 30. f5 Nc7 31. Ba4 Kc5 32. Bb3 Na6 33. Kf3 Nb4 34. g4 Nd3 35. g5 Nd7 36. Ke4 Nb4 37. f6 Nc6 38. Kf5 1-0

[Event "Betsys MČR v online bleskovém šachu 2021"]
[Site "Chess.com"]
[Date "2021.04.17"]
[Round "7"]
[White "Ami2013"]
[Black "Molefancier"]
[Result "0-1"]
[WhiteElo "415"]
[BlackElo "1064"]
[TimeControl "180+1"]
[EndTime "10:12:07 PDT"]
[Termination "Uživatel Molefancier zvítězil na čas"]

1. e4 e5 2. Nf3 Nc6 3. Bb5 a6 4. Ba4 Nf6 5. Nc3 Bc5 6. O-O b5 7. Bb3 O-O 8. h3 b4 9. Nd5 Nd4 10. Nxd4 Bxd4 11. Nxf6+ Qxf6 12. d3 Bb7 13. Bd2 a5 14. a4 Bxb2 15. Rb1 Bd4 16. Be3 Bc3 17. Qc1 d6 18. Bg5 Qg6 19. Qe3 Kh8 20. Qg3 h6 21.
Bh4 Qxg3 22. Bxg3 c5 23. d4 cxd4 24. Rbd1 Bxe4 25. f3 Bb7 26. Rd3 Ba6 27. Rdd1 Bxf1 28. Rxf1 d3 29. cxd3 Bd4+ 30. Bf2 Bxf2+ 31. Rxf2 Rac8 32. Re2 Rc1+ 33. Kh2 Rb1 34. Bd5 b3 35. d4 exd4 36. Re4 b2 37. Rxd4 Rc1 38. Re4 b1=Q 39. Rg4 Rh1+ 40. Kg3 Qf5 0-1

[Event "Betsys MČR v online bleskovém šachu 2021"]
[Site "Chess.com"]
[Date "2021.04.17"]
[Round "7"]
[White "polik1112"]
[Black "WhiteLittleHorse"]
[Result "1-0"]
[WhiteElo "1345"]
[BlackElo "965"]
[TimeControl "180+1"]
[EndTime "10:12:08 PDT"]
[Termination "Uživatel polik1112 zvítězil na čas"]

1. e4 e5 2. Nf3 Nc6 3. Bb5 Bc5 4. O-O Nf6 5. Bxc6 dxc6 6. Nxe5 O-O 7. d3 h6 8. Nc3 Bd4 9. Nf3 Bg4 10. Bd2 Bxc3 11. Bxc3 a5 12. h3 Bh5 13. Qe2 Re8 14. Rfe1 b5 15.
a3 Qe7 16. b3 b4 17. axb4 axb4 18. Bb2 Rxa1 19. Rxa1 c5 20. Qe3 c6 21. Ra5 Bxf3 22. Qxf3 Qd6 23. Qe3 Nd5 24. Qxc5 Qxc5 25. Rxc5 Nf6 26.
Rxc6 Kh7 27. Bxf6 gxf6 28. Rxf6 Kg7 29. Rb6 Rc8 30. Rxb4 Rxc2 31. d4 Re2 32. f3 Kg6 33. Rc4 f5 34. e5 Re1+ 35. Kf2 Ra1 36. d5 Ra5 37. Rd4 Rc5 38. f4 h5 39. d6 Ra5 40.
d7 Ra8 41. d8=Q Rxd8 42. Rxd8 1-0

[Event "Betsys MČR v online bleskovém šachu 2021"]
[Site "Chess.com"]
[Date "2021.04.17"]
[Round "7"]
[White "Filipdol"]
[Black "Chessillusion213"]
[Result "1-0"]
[WhiteElo "1911"]
[BlackElo "2160"]
[TimeControl "180+1"]
[EndTime "10:12:09 PDT"]
[Termination "Uživatel Filipdol zvítězil po vzdání soupeře"]

1. e4 c5 2. Nc3 Nc6 3. f4 g6 4.
Bb5 Bg7 5. Bxc6 bxc6 6. Nf3 e6 7. d3 Ne7 8. O-O d5 9. e5 O-O 10. Na4 Qa5 11. c4 dxc4 12. dxc4 Rd8 13. Qc2 Nf5 14. Bd2 Qc7 15. b3 Nd4 16. Qb2 Qe7 17. Be3 Rb8 18.
Nxc5 Qxc5 19. Bxd4 Qb4 20. Qf2 a5 21. Bc5 Qb7 22. Rad1 Bd7 23. Ng5 Bf8 24. Ne4 a4 25.
Nf6+ Kg7 26. Bxf8+ Kxf8 27. Nxh7+ Kg7 28. Nf6 Be8 29.
Rxd8 Rxd8 30. Qh4 Qb6+ 31. Kh1 axb3 32. Qh7+ Kf8 33. Qh8+ Ke7 34. Nxe8 Rxe8 35. Qf6+ Kd7 36. Qxf7+ Re7 37. Rd1+ Kc8 38. Qxe7 bxa2 39. Qe8+ Kb7 40. Rd7+ Ka6 41. Qa8+ Qa7 42. Rxa7+ Kb6 43. Rxa2 Kc5 44. Qa7+ 1-0

[Event "Betsys MČR v online bleskovém šachu 2021"]
[Site "Chess.com"]
[Date "2021.04.17"]
[Round "7"]
[White "Tlaskin"]
[Black "ReitteN"]
[Result "0-1"]
[WhiteElo "1365"]
[BlackElo "1759"]
[TimeControl "180+1"]
[EndTime "10:12:09 PDT"]
[Termination "Uživatel ReitteN zvítězil na čas"]

1. e4 c6 2. d4 d5 3. Nc3 dxe4 4. Nxe4 Bf5 5. Ng3 Bg6 6. Bc4 e6 7. Nf3 Nd7 8. O-O Ngf6 9. Re1 Be7 10. c3 O-O 11. Bg5 h6 12. Bh4 b5 13. Bd3 Bxd3 14. Qxd3 Nb6 15. Rad1 Rc8 16. b3 Nfd5 17. Bxe7 Qxe7 18.
Ne5 Rfd8 19. Re4 Nf6 20. Rf4 Nbd5 21. Rf3 Qa3 22. Ne4 Qxa2 23. Nxf6+ Nxf6 24. g4 Rc7 25. h4 Qxb3 26. g5 hxg5 27. hxg5 Nd5 28. Rh3 Qxc3 29. Qh7+ Kf8 30. Rxc3 Nxc3 31. Rc1 Rxd4 32. Qh8+ Ke7 33. Qxg7 Rcd7 34. Qxf7+ Kd6 35. Ng6 Rd1+ 36. Rxd1+ Nxd1 0-1

[Event "Betsys MČR v online bleskovém šachu 2021"]
[Site "Chess.com"]
[Date "2021.04.17"]
[Round "7"]
[White "domecek"]
[Black "JohnnyDuck64"]
[Result "1-0"]
[WhiteElo "1976"]
[BlackElo "2099"]
[TimeControl "180+1"]
[EndTime "10:12:10 PDT"]
[Termination "Uživatel domecek zvítězil na čas"]

1. d4 d5 2. Nf3 Nf6 3. g3 g6 4.
Bg2 Bg7 5. O-O O-O 6. b3 c5 7. e3 Nc6 8. Bb2 Ne4 9. Nbd2 Re8 10. Qe2 Nxd2 11. Qxd2 cxd4 12. exd4 Bf5 13. Rac1 Rc8 14. Rfd1 Be4 15. a3 Qd6 16. Ne1 Bxg2 17. Kxg2 h5 18. Nf3 Qf6 19. Qg5 Qxg5 20. Nxg5 Bh6 21. f4 Bxg5 22. fxg5 Nd8 23. c4 dxc4 24. bxc4 Ne6 25. h4 Ng7 26. Re1 Nf5 27. d5 Red8 28. Re4 b6 29. a4 Rd7 30. a5 bxa5 31. Ra1 Rb7 32. Be5 Rb3 33. Rxa5 Ne3+ 34. Kh3 Ng4 35. Rxa7 Nf2+ 36.
Kg2 Nxe4 37. Rxe7 Nc5 38. d6 Rd3 39. Rc7 Re8 40. Rxc5 Re3 41. Bf4 Re2+ 42. Kf3 Re1 43. Rd5 Rd8 44. c5 Ra1 45. c6 Ra3+ 46. Kg2 Ra2+ 47.
Kh3 Re8 48. d7 Ree2 49. d8=Q+ Kh7 50. g4 Ra3+ 51. Rd3 hxg4+ 52. Kxg4 Rg2+ 53. Kf3 1-0

[Event "Betsys MČR v online bleskovém šachu 2021"]
[Site "Chess.com"]
[Date "2021.04.17"]
[Round "7"]
[White "povrlak60"]
[Black "sipos88"]
[Result "0-1"]
[WhiteElo "1606"]
[BlackElo "1870"]
[TimeControl "180+1"]
[EndTime "10:12:10 PDT"]
[Termination "Uživatel sipos88 zvítězil na čas"]

1. e4 e5 2. d4 exd4 3. Qxd4 Qf6 4. Qe3 b6 5. Nc3 Bc5 6. Qg3 Bb7 7. Bg5 Qe6 8. f3 d6 9. O-O-O Nc6 10. Bb5 f6 11.
Bd2 g6 12. Nge2 Ne7 13. Nf4 Qf7 14. Rhe1 O-O-O 15. Nfd5 Nxd5 16. Nxd5 Nd4 17. Bc4 Qg7 18. Bc3 Nc6 19. a3 Na5 20. Bxa5 bxa5 21. Qg4+ Kb8 22.
Qf4 Rhf8 23. Qd2 Bb6 24. Qc3 c6 25. Ne3 Bxe3+ 26. Qxe3 Qe7 27. Qc3 Qc7 28. Re2 d5 29.
exd5 cxd5 30. Bb5 Qxc3 31. bxc3 Rd6 32. Rde1 Bc6 33. Bxc6 Rxc6 34. Kd2 Rfc8 35. Re7 Rxc3 36. Rc1 Rxa3 37. Rxh7 Rc7 38. Rb1+ Kc8 39. Rh8+ Kd7 40.
Rbb8 Ra4 41. Rbd8+ Kc6 42. Rde8 Rc4 43. Re6+ Kb5 0-1

[Event "Betsys MČR v online bleskovém šachu 2021"]
[Site "Chess.com"]
[Date "2021.04.17"]
[Round "7"]
[White "valid88"]
[Black "Danyjel"]
[Result "0-1"]
[WhiteElo "1336"]
[BlackElo "1697"]
[TimeControl "180+1"]
[EndTime "10:12:11 PDT"]
[Termination "Uživatel Danyjel zvítězil po vzdání soupeře"]

1. d4 Nf6 2. c4 g6 3. Nf3 Bg7 4.
Nc3 d5 5. cxd5 Nxd5 6. e4 Nxc3 7.
bxc3 c5 8. Be3 O-O 9. Be2 Qa5 10. Qd2 Rd8 11. O-O Nc6 12. Rfd1 Bg4 13. Rac1 cxd4 14.
cxd4 Qxd2 15. Rxd2 Bxf3 16. Bxf3 Nxd4 17. Bg4 Nc6 18.
Rxd8+ Rxd8 19. Rb1 b6 20. Rc1 Ne5 21. Bh3 e6 22. g3 h5 23. f4 Nd3 24. Rd1 Rd7 25.
Rd2 Nc5 26. Rxd7 Nxd7 27. e5 Bf8 28. Bg2 Bc5 29. Bxc5 Nxc5 30. Kf1 Kf8 31. Ke2 Ke7 32. Kd2 Kd7 33. Kc3 Kc7 34. Kc4 a6 35. a3 Nd7 36.
a4 f6 37. exf6 Nxf6 38. h3 Kd6 39. Bb7 a5 40. Kb5 Kc7 41. Be4 Nxe4 0-1

[Event "Betsys MČR v online bleskovém šachu 2021"]
[Site "Chess.com"]
[Date "2021.04.17"]
[Round "7"]
[White "Rognort"]
[Black "sachistamartin"]
[Result "1-0"]
[WhiteElo "1788"]
[BlackElo "1430"]
[TimeControl "180+1"]
[EndTime "10:12:12 PDT"]
[Termination "Uživatel Rognort zvítězil na čas"]

1. e4 e5 2. Nf3 Nc6 3. d4 exd4 4. Bc4 h6 5. O-O Nf6 6. e5 Nh7 7. Nxd4 Nxe5 8. Re1 d6 9. f4 Be7 10. fxe5 dxe5 11.
Rxe5 O-O 12. Nc3 Bf6 13. Rd5 Qe7 14. Bf4 Be6 15. Nxe6 fxe6 16. Rd7 Qc5+ 17. Kh1 Qxc4 18. Bxc7 Bxc3 19. bxc3 Qxc3 20. Rb1 Rfc8 21. Rxb7 Nf6 22. Rxg7+ Kh8 23. Bg3 Qxc2 24. Qf1 Qc1 25. Be1 Rg8 26. Rgc7 Qg5 27. Bd2 Qg6 28. g3 Qe4+ 29. Qg2 Qxg2+ 30. Kxg2 Ng4 31. Bc3+ e5 32. h3 Ne3+ 33. Kf3 Raf8+ 34. Kxe3 1-0

[Event "Betsys MČR v online bleskovém šachu 2021"]
[Site "Chess.com"]
[Date "2021.04.17"]
[Round "7"]
[White "Lipican"]
[Black "Petroniuss"]
[Result "1-0"]
[WhiteElo "2116"]
[BlackElo "2258"]
[TimeControl "180+1"]
[EndTime "10:12:15 PDT"]
[Termination "Uživatel Lipican zvítězil na čas"]

1. d4 d5 2. Nf3 Nf6 3. c4 dxc4 4.
e3 Bg4 5. Bxc4 e6 6. O-O a6 7. b3 Nc6 8. Bb2 Bd6 9. Be2 O-O 10.
Nbd2 Qe8 11. Nc4 Rd8 12. Nxd6 cxd6 13. Rc1 Rc8 14. a3 Qe7 15. b4 Rfd8 16. h3 Bh5 17.
Qb3 Bxf3 18. Bxf3 d5 19. Rc5 Nd7 20. Rc2 b5 21. Rfc1 Na7 22. e4 Nb6 23. Rxc8 Rxc8 24. Rc5 dxe4 25. Bxe4 Nc4 26. Bc1 Rd8 27. Bg5 f6 28.
Be3 Nc8 29. Bd3 N8d6 30. Bf4 Kf7 31. d5 e5 32. Be3 e4 33. Be2 Rd7 34. Rc6 Qe5 35.
Rxa6 Qa1+ 36. Kh2 Qe1 37. Bg4 f5 38. Qd1 Qc3 39. Be2 Nxe3 40. fxe3 Qxe3 41. Bf1 Qf4+ 42.
Kh1 e3 43. Qh5+ Kf6 44. Be2 h6 45. Qe8 1-0

[Event "Betsys MČR v online bleskovém šachu 2021"]
[Site "Chess.com"]
[Date "2021.04.17"]
[Round "7"]
[White "Bolavey_Kotnik"]
[Black "Michelangelo111"]
[Result "1-0"]
[WhiteElo "2346"]
[BlackElo "2120"]
[TimeControl "180+1"]
[EndTime "10:12:15 PDT"]
[Termination "Uživatel Bolavey_Kotnik zvítězil na čas"]

1. e4 c5 2. Nf3 Nc6 3. Bb5 g6 4. O-O Bg7 5. c3 Nf6 6. Re1 O-O 7. d4 cxd4 8. cxd4 d6 9. h3 a6 10. Bf1 Qc7 11. Nc3 b5 12. Bg5 Qa7 13. Rc1 Bb7 14. e5 Nd7 15. Nd5 e6 16. Rxc6 Bxc6 17. Ne7+ Kh8 18.
Nxc6 Qb6 19. Nb4 dxe5 20. dxe5 a5 21. Nc2 Nc5 22. Qd2 Qc7 23. Ncd4 b4 24. Qf4 Nd7 25.
Nb5 Qc5 26. Nd6 Nxe5 27. Nxe5 f6 28. Ndf7+ Kg8 29. Nh6+ Bxh6 30. Bxh6 fxe5 31. Qg3 Rf7 32. Rxe5 Qc2 33. b3 Qxa2 34. Bc4 Rd8 35. Re1 1-0

[Event "Betsys MČR v online bleskovém šachu 2021"]
[Site "Chess.com"]
[Date "2021.04.17"]
[Round "7"]
[White "jsulc"]
[Black "MBorkovec"]
[Result "0-1"]
[WhiteElo "2063"]
[BlackElo "2274"]
[TimeControl "180+1"]
[EndTime "10:12:15 PDT"]
[Termination "Uživatel MBorkovec zvítězil na čas"]

1. d4 Nf6 2. c4 g6 3. Nc3 Bg7 4. e4 O-O 5. Be3 d6 6. h3 e5 7. d5 a5 8. g4 Na6 9. Nge2 Nc5 10. Ng3 c6 11. Be2 cxd5 12. cxd5 b6 13. Qd2 Ba6 14. g5 Nfd7 15. Nb5 Bxb5 16. Bxb5 f6 17. gxf6 Qxf6 18. O-O-O Rac8 19. Kb1 Qf3 20. Be2 Nxe4 21.
Nxe4 Qxe4+ 22. Ka1 Qb4 23. Qxb4 axb4 24. Bg4 Rc7 25. Rc1 Nc5 26. Kb1 h5 27. Be2 Ra8 28. Bd2 b3 29. a3 Rf8 30. Be3 Kh7 31. Rhg1 Bh6 32. Rc3 Bxe3 33. fxe3 Rcf7 34. Bd1 Rf2 35.
Bxb3 Rf1+ 36. Rxf1 Rxf1+ 37. Ka2 Rf3 38. Bc2 Rxh3 39.
b4 Nd7 40. Rc6 Rxe3 41. Rxd6 Nf8 42. Rxb6 h4 43. d6 h3 44. d7 Nxd7 45. Bxg6+ Kg7 46. Rb7 Kxg6 47. Rxd7 h2 0-1

[Event "Betsys MČR v online bleskovém šachu 2021"]
[Site "Chess.com"]
[Date "2021.04.17"]
[Round "7"]
[White "RomanHlavicka"]
[Black "Jeff_CZE"]
[Result "0-1"]
[WhiteElo "1527"]
[BlackElo "1853"]
[TimeControl "180+1"]
[EndTime "10:12:15 PDT"]
[Termination "Uživatel Jeff_CZE zvítězil matem"]

1. e4 e6 2. Nf3 d5 3. e5 c5 4. d4 Qb6 5. c3 Bd7 6. a3 Bb5 7. Be2 Nc6 8. O-O Bxe2 9. Qxe2 cxd4 10. cxd4 Rc8 11. Be3 Na5 12. Nc3 Nc4 13. b4 a6 14.
Rfc1 Qa7 15. Na4 Ne7 16. Nc5 b6 17. Na4 Nf5 18. Nd2 Nfxe3 19. fxe3 b5 20. Nxc4 dxc4 21. Nc5 Be7 22. Rf1 Bxc5 23. bxc5 O-O 24. Rf3 Qb7 25. Rh3 Qe4 26. Rf1 f5 27. Rf4 Qb1+ 28. Kf2 c3 29. Rfh4 f4 30. Rxh7 Qxh7 31. Rxh7 fxe3+ 32. Kxe3 Kxh7 33.
Qd3+ Kg8 34. Qxc3 Rf5 35. g3 Rcf8 36. Ke2 Rf2+ 37. Kd1 Rf1+ 38. Kc2 R8f2+ 39. Kb3 Rb1+ 40. Qb2 Rfxb2+ 41. Kc3 Rb3+ 42. Kc2 R1b2+ 43. Kc1 Rxh2 44. c6 Rxg3 45. c7 Rg1# 0-1

[Event "Betsys MČR v online bleskovém šachu 2021"]
[Site "Chess.com"]
[Date "2021.04.17"]
[Round "7"]
[White "MaTpAt113"]
[Black "VildaSt"]
[Result "0-1"]
[WhiteElo "845"]
[BlackElo "1293"]
[TimeControl "180+1"]
[EndTime "10:12:15 PDT"]
[Termination "Uživatel VildaSt zvítězil na čas"]

1. e4 e5 2. Nf3 Nc6 3. d4 exd4 4. Nxd4 Bc5 5. Be3 Qf6 6. c3 Nge7 7. Bc4 O-O 8. O-O a6 9. Nxc6 Bxe3 10. Nxe7+ Qxe7 11.
fxe3 b5 12. Bd3 Bb7 13. Qg4 c5 14. Qh3 Bc8 15. e5 h6 16. Qf5 g6 17. Qh3 d6 18.
exd6 Bxh3 19. dxe7 Rfc8 20. gxh3 Re8 21. Nd2 Rxe7 22. Nf3 Rxe3 23. Ne1 Rd8 24. Rd1 Rxh3 25. Rf3 Rh4 26. Bc2 Rxd1 27. Bxd1 Re4 28. Nd3 Rg4+ 29. Rg3 Re4 30. Kg2 c4 31. Nc5 Re1 32.
Bf3 Ra1 33. a3 Ra2 34. Nd7 Rxb2+ 35. Kh3 Rb3 36. Bd5 Rxa3 37. Nf6+ Kg7 38. Ne8+ Kf8 39.
Rf3 b4 40. Bxf7 Ke7 41. Bxg6 bxc3 42. Rf7+ Kxe8 43. Rc7+ Kd8 44. Rxc4 a5 45. Kg4 a4 46. Bc2 Ra2 0-1

[Event "Betsys MČR v online bleskovém šachu 2021"]
[Site "Chess.com"]
[Date "2021.04.17"]
[Round "7"]
[White "Jakuboss22005"]
[Black "RousekJan"]
[Result "1-0"]
[WhiteElo "2070"]
[BlackElo "1803"]
[TimeControl "180+1"]
[EndTime "10:12:16 PDT"]
[Termination "Uživatel Jakuboss22005 zvítězil po vzdání soupeře"]

1. Nf3 c5 2. c4 Nf6 3. g3 e6 4. Bg2 Be7 5. O-O O-O 6. Nc3 Nc6 7. d4 cxd4 8. Nxd4 Nxd4 9. Qxd4 d6 10. b3 e5 11. Qd2 Rb8 12. Rd1 a6 13. Ba3 Ne8 14.
Nd5 Be6 15. Nxe7+ Qxe7 16. Bxd6 Nxd6 17. Qxd6 Qf6 18. Qd3 Bf5 19. Be4 Rfd8 20. Qf3 Bxe4 21. Qxe4 Qe7 22. Kg2 f6 23. f4 Kf7 24. fxe5 Qxe5 25.
Qxe5 fxe5 26. Kf3 Ke6 27. Ke4 Rf8 28. Rf1 Rbd8 29. Rxf8 Rxf8 30. Ke3 Rd8 31. Rf1 g6 32. h3 Rd7 33. h4 Rd8 34. g4 h6 35. Rg1 Rg8 36.
g5 h5 37. Rf1 Ke7 38. Rf6 Rg7 39. Rb6 Kd8 40. Ke4 Kc8 41. Re6 Kc7 42. Kxe5 Kd7 43. e4 b5 44. Rxa6 bxc4 45. Ra7+ 1-0

[Event "Betsys MČR v online bleskovém šachu 2021"]
[Site "Chess.com"]
[Date "2021.04.17"]
[Round "7"]
[White "FBingoPlayer"]
[Black "SayQueen"]
[Result "0-1"]
[WhiteElo "2182"]
[BlackElo "2008"]
[TimeControl "180+1"]
[EndTime "10:12:17 PDT"]
[Termination "Uživatel SayQueen zvítězil po vzdání soupeře"]

1. Nc3 d5 2. e4 d4 3. Nce2 e5 4. Ng3 Nf6 5. Bc4 Nbd7 6. Nf3 Be7 7. Bxf7+ Kxf7 8. Ng5+ Kg8 9. Ne6 Qe8 10. Nxc7 Qg6 11.
Nxa8 Nxe4 12. O-O Ndf6 13. Nc7 h5 14. Qf3 Bg4 15. Qb3+ Kh7 16. Qxb7 h4 17. Nxe4 Nxe4 18. f3 Bh3 19. Qxe4 Bf5 20. Qxe5 Bf6 21. Qf4 Rc8 22. d3 h3 23. g3 Be7 24. Rf2 Bb4 25. Qh4+ Kg8 26.
Nd5 Bd6 27. Ne7+ Bxe7 28. Qxe7 Re8 29. Qxe8+ Qxe8 30. Bd2 Qc6 31. Re1 Qxc2 32. Bf4 Qc8 33. g4 Bg6 34. Bg3 Qa6 35. f4 Qxa2 36. f5 Bf7 37. f6 gxf6 38. Rxf6 Bd5 39. Rf2 Qa5 40. Be5 Qxe1+ 0-1

[Event "Betsys MČR v online bleskovém šachu 2021"]
[Site "Chess.com"]
[Date "2021.04.17"]
[Round "7"]
[White "bezzuton"]
[Black "tiger196223"]
[Result "1-0"]
[WhiteElo "1514"]
[BlackElo "1821"]
[TimeControl "180+1"]
[EndTime "10:12:17 PDT"]
[Termination "Uživatel bezzuton zvítězil na čas"]

1. d4 e6 2. e4 d5 3. e5 c5 4. c3 Qb6 5. Nf3 Bd7 6. Qb3 Qxb3 7.
axb3 cxd4 8. cxd4 Nc6 9. Bd2 Bb4 10. Nc3 Nge7 11. Nb5 O-O 12. Bd3 a6 13. Nd6 Bxd6 14.
exd6 Nc8 15. Ne5 Nxe5 16. dxe5 f6 17. f4 fxe5 18. fxe5 Na7 19. Ke2 Nc6 20. Ke3 Nxe5 21. Bc2 Nf7 22. Bb4 Bc6 23. Rhf1 e5 24. Bf5 d4+ 25.
Kd2 Bxg2 26. Rf2 Bd5 27. d7 Rfd8 28. Be7 e4 29. Rf4 Nh6 30. Bh3 e3+ 31. Kd3 Bxb3 32. Bxd8 Rxd8 33. Rc1 Nf7 34. Rc8 Ba4 35. Rxf7 Kxf7 36.
Rxd8 e2 37. Kxe2 Bb5+ 38. Kd2 Ke7 39. Re8+ 1-0

[Event "Betsys MČR v online bleskovém šachu 2021"]
[Site "Chess.com"]
[Date "2021.04.17"]
[Round "7"]
[White "vaclavbelaska"]
[Black "Dejfos"]
[Result "0-1"]
[WhiteElo "1397"]
[BlackElo "1779"]
[TimeControl "180+1"]
[EndTime "10:12:18 PDT"]
[Termination "Uživatel Dejfos zvítězil na čas"]

1. d4 Nf6 2. c4 c5 3. d5 d6 4. Nc3 g6 5. b3 Bg7 6. Bb2 O-O 7.
e4 a6 8. Nf3 Bg4 9. Be2 Bxf3 10.
gxf3 Nbd7 11. f4 Nxe4 12. Nxe4 Bxb2 13. Rb1 Bg7 14. f5 Nf6 15. Nxf6+ Bxf6 16. fxg6 fxg6 17. Bd3 Bc3+ 18. Ke2 Bd4 19. f3 Qe8 20. Qc2 Qf7 21. Rbf1 e6 22. dxe6 Qxe6+ 23. Be4 Kh8 24. Kd2 b5 25.
Re1 bxc4 26. Bxa8 c3+ 27. Kd1 Qf6 28. Be4 Rd8 29. Rhf1 d5 30. Bd3 c4 31. bxc4 dxc4 32. Bxc4 Be3+ 33. Bd3 Bd2 34. Re2 Qd4 35. Rxd2 cxd2 36.
Qxd2 Qxd3 37. Qxd3 Rxd3+ 38. Kc2 Ra3 39. Kb2 Re3 40.
Rf2 Kg7 41. f4 Kf6 42. Rd2 Kf5 43. Rd5+ Kxf4 44. Rd6 Re2+ 0-1

[Event "Betsys MČR v online bleskovém šachu 2021"]
[Site "Chess.com"]
[Date "2021.04.17"]
[Round "7"]
[White "DominikS3"]
[Black "Emicka1330"]
[Result "1-0"]
[WhiteElo "1343"]
[BlackElo "1602"]
[TimeControl "180+1"]
[EndTime "10:12:18 PDT"]
[Termination "Uživatel DominikS3 zvítězil matem"]

1. d4 Nf6 2. c4 c5 3. d5 b5 4.
cxb5 a6 5. b6 Qxb6 6. Nc3 d6 7. e4 g6 8. Qc2 Bg7 9. Bd3 O-O 10. f4 Nbd7 11. Nf3 Re8 12. Be3 Bb7 13. b3 Ng4 14. Bd2 c4 15. bxc4 Qf2+ 16. Kd1 Qxg2 17.
Rg1 Qxf3+ 18. Be2 Qh3 19. Bxg4 Qxh2 20. Re1 Qg1 21. Rxg1 h5 22. Bxd7 Red8 23. Ba4 Rdc8 24. Bb3 a5 25. a4 Ba6 26. e5 Bxc4 27. Bxc4 Rxc4 28. exd6 exd6 29. f5 Rac8 30. Ra3 Rd4 31. fxg6 fxg6 32. Rxg6 Rc7 33. Rxd6 Rf7 34. Rd8+ Bf8 35.
Kc1 h4 36. Qg6+ Rg7 37. Qe6+ Rf7 38. Bh6 Rf4 39. Rxf8+ Kh7 40. Rxf7+ Rxf7 41. Qxf7+ Kxh6 42. Ne4 h3 43. Qg8 Kh5 44. Qg5# 1-0

[Event "Betsys MČR v online bleskovém šachu 2021"]
[Site "Chess.com"]
[Date "2021.04.17"]
[Round "7"]
[White "BetsysBetting"]
[Black "pavelchrz"]
[Result "1/2-1/2"]
[WhiteElo "1905"]
[BlackElo "1715"]
[TimeControl "180+1"]
[EndTime "10:12:22 PDT"]
[Termination "Remíza opakováním pozice"]

1. d4 d5 2. Nf3 g6 3. g3 Bg7 4. Bg2 c5 5. O-O cxd4 6. Nxd4 Nc6 7. Nxc6 bxc6 8. c4 Nf6 9. Nc3 d4 10. Bxc6+ Bd7 11. Bxd7+ Qxd7 12. Nb5 Ne4 13. e3 d3 14. Nd4 Bxd4 15. exd4 Qxd4 16. Qa4+ Kf8 17. Be3 Qxb2 18. Rab1 Qf6 19. Qa5 Kg7 20. Qd5 Qe6 21. Bd4+ Nf6 22. Bxf6+ exf6 23. Qxd3 Rhd8 24. Qb3 Rab8 25.
Qxb8 Rxb8 26. Rxb8 Qxc4 27. Rb7 Qxa2 28. Re1 a5 29. Ree7 a4 30. Ra7 a3 31. h4 Qb1+ 32. Kg2 g5 33. Rxf7+ Kg6 34. g4 Qe4+ 35. f3 Qe2+ 36.
Kg3 Qe5+ 37. Kf2 Qb2+ 38. Kg1 Qb1+ 39. Kf2 Qc2+ 40. Kg1 Qd1+ 41. Kf2 Qd2+ 42. Kg1 Qe1+ 43. Kg2 Qe2+ 44. Kg1 Qe3+ 45. Kg2 Qd2+ 46. Kg1 Qd1+ 47. Kg2 Qe2+ 1/2-1/2

[Event "Betsys MČR v online bleskovém šachu 2021"]
[Site "Chess.com"]
[Date "2021.04.17"]
[Round "7"]
[White "Trener-Pokrocili"]
[Black "koky_3"]
[Result "1-0"]
[WhiteElo "2248"]
[BlackElo "2049"]
[TimeControl "180+1"]
[EndTime "10:12:32 PDT"]
[Termination "Uživatel Trener-Pokrocili zvítězil po vzdání soupeře"]

1. Nf3 c5 2. c4 e6 3. Nc3 Nc6 4. g3 d5 5. cxd5 exd5 6. d4 Nf6 7. Bg2 cxd4 8. Nxd4 Bc5 9. Nb3 Bb6 10. Nxd5 Nxd5 11.
Qxd5 Qf6 12. O-O O-O 13. Qg5 Qe6 14. e3 h6 15. Qd5 Qf6 16. Qf3 Qg6 17. Bd2 Rd8 18.
Bc3 Bg4 19. Qf4 Rac8 20. h3 Be2 21. Rfe1 Ba6 22. Qe4 Qh5 23. g4 Qh4 24. Red1 Be2 25. Rxd8+ Rxd8 26. Re1 Bd1 27. Nd2 Bxg4 28. Qxg4 Qxg4 29.
hxg4 Ba5 30. Nb3 Bxc3 31. bxc3 Ne5 32. g5 hxg5 33. Nd4 g4 34. Rb1 b6 35. Rb5 f6 36.
Rd5 Rc8 37. Ne2 Nc4 38. Rd7 a5 39. Bd5+ Kh7 40. Bxc4 Rxc4 41. Rd4 Rc6 42. Rxg4 g5 43. Rd4 Kg6 44. Rd5 a4 45. Kf1 Kf7 46. Ke1 Ke6 47. Rb5 Rc4 48. Rb4 Rc6 49. Nd4+ Kd5 50. Nxc6 Kxc6 51.
Rxa4 Kc5 52. Rb4 b5 53. Ke2 1-0

[Event "Betsys MČR v online bleskovém šachu 2021"]
[Site "Chess.com"]
[Date "2021.04.17"]
[Round "7"]
[White "Classemence"]
[Black "jonvon640"]
[Result "0-1"]
[WhiteElo "1905"]
[BlackElo "1688"]
[TimeControl "180+1"]
[EndTime "10:12:32 PDT"]
[Termination "Uživatel jonvon640 zvítězil matem"]

1. e4 c5 2. Nf3 Nc6 3. d4 cxd4 4. Nxd4 e6 5. Nxc6 bxc6 6. Be2 Nf6 7. Nd2 Bc5 8. O-O d5 9. Nb3 Bd6 10. Bf3 O-O 11. Re1 Qc7 12. h3 Bb7 13. Bg5 Be7 14.
c3 Rfd8 15. Qe2 Ne8 16. Bxe7 Qxe7 17. Rad1 Nc7 18. Qe3 Na6 19. Qf4 Qd6 20. Qg4 Qe7 21. e5 c5 22. Re3 c4 23. Nd4 Nc5 24. Rf1 Nd3 25. Rb1 Ba6 26. Bd1 Rab8 27. Bc2 Rb6 28. Rg3 Qf8 29. h4 Nxe5 30. Qh5 Nd3 31. Qg4 e5 32. Nf3 e4 33. Ng5 h6 34. Nh3 Rg6 35. Qh5 Rxg3 36. fxg3 Qc5+ 37. Kh2 Nf2 38. Nf4 Nd3 39. Nxd3 cxd3 40. Bd1 e3 41. Bf3 e2 42.
Re1 d2 43. Rxe2 d1=Q 44. Re8+ Rxe8 45. Bxd1 Re1 46. Bb3 Qg1+ 47. Kh3 Bc8+ 48. g4 Re3+ 49. g3 Qh1# 0-1

[Event "Betsys MČR v online bleskovém šachu 2021"]
[Site "Chess.com"]
[Date "2021.04.17"]
[Round "7"]
[White "Cimrman"]
[Black "tucnak64"]
[Result "1/2-1/2"]
[WhiteElo "2331"]
[BlackElo "2119"]
[TimeControl "180+1"]
[EndTime "10:12:33 PDT"]
[Termination "Remíza opakováním pozice"]

1. d4 Nf6 2. Nf3 c5 3. d5 e6 4. c4 exd5 5. cxd5 d6 6. Nc3 g6 7. g3 Bg7 8. Bg2 O-O 9. O-O Re8 10. Bf4 a6 11. a4 Ne4 12. Nxe4 Rxe4 13. Nd2 Rb4 14.
Ra2 Qe7 15. e4 Nd7 16. Qc2 Ne5 17. b3 Bd7 18. Nc4 Nxc4 19. bxc4 Be5 20. Bd2 a5 21.
Bxb4 cxb4 22. Qd3 Rc8 23. f4 Bc3 24. f5 Qe5 25. Kh1 Re8 26. f6 b3 27. Raf2 h6 28. Rf3 Bd4 29. Qxb3 Qxe4 30. Qxb7 Bxa4 31. Qa6 Bc5 32.
Qxa5 Qxc4 33. Re1 Rxe1+ 34. Qxe1 Qxd5 35. Rf4 Qc6 36. Qc1 Kh7 37. Rh4 h5 38. Rc4 Qa6 39. h4 Bc6 40. Bxc6 Qxc6+ 41. Kh2 Qf3 42. Qc2 Qf1 43. Rxc5 dxc5 44. Qxc5 Qxf6 45. Kg2 Qf5 46. Qe7 Qc2+ 47. Kh3 Qf5+ 48. Kg2 Qc2+ 49. Kh3 Qf5+ 50. Kg2 1/2-1/2